Map: Kairos Junction LE

Players

ShaDoWn

  • Race: Protoss Protoss
  • Spawn Location: 5:00

HeroMarine - Winner!

  • Race: Terran Terran
  • Spawn Location: 11:00

Event: 2019 WCS Winter Europe

VOD

Have the link to the VOD?

Description

Time

  • Played on: Feb. 1, 2019, 11:05 a.m.
  • Length: 15:10

All games in this series

Show
View Real Time Build Order
Export as new Build Order

ShaDoWn Protoss 

Build Orders: 1 Gate Expand, Zealot Archon, Archon Drop, Dark Templar Rush 

Get SALT Encoding   

  12  0:00  Probe  
  13  0:12  Probe  
  14  0:17  Pylon  
  14  0:24  Probe  
  15  0:32  Probe  
  15  0:38  Gateway  
  15  0:40  Probe  
  16  0:46  Assimilator  
  17  0:51  Probe  
  18  1:03  Probe  
  19  1:15  Probe  
  20  1:23  Nexus  
  20  1:32  Cybernetics Core  
  20  1:35  Probe  
  21  1:41  Assimilator  
  21  1:47  Probe  
  21  1:51  Pylon  
  22  1:59  Probe, Adept  
  23  2:08  Warp Gate  
  23  2:11  Probe  
  26  2:24  Probe  
  26  2:27  Twilight Council  
  26  2:32  Probe  
  26  2:33  Probe  
  27  2:40  Probe  
  27  2:41  Probe  
  27  2:44  Stalker  
  29  2:49  Probe  
  31  2:55  Probe  
  31  2:57  Pylon  
  33  3:01  Probe  
  34  3:07  Probe  
  35  3:13  Probe  
  35  3:15  Dark Shrine  
  35  3:19  Probe  
  37  3:24  Probe  
  37  3:26  Stalker  
  40  3:31  Probe  
  40  3:32  Probe  
  40  3:33  Gateway  
  41  3:40  Gateway  
  41  3:41  Probe  
  42  3:43  Probe  
  44  3:48  Pylon  
  44  3:52  Probe  
  45  3:57  Probe, Robotics Facility  
  45  4:00  Probe  
  46  4:03  Assimilator  
  46  4:08  Probe  
  46  4:09  Probe  
  48  4:12  Charge  
  48  4:16  Assimilator  
  49  4:18  Probe  
  49  4:21  Probe  
  49  4:23  Pylon  
  51  4:33  Probe  
  51  4:37  Dark Templar x2  
  56  4:44  Dark Templar  
  58  4:52  Warp Prism  
  59  4:57  Nexus  
  55  5:03  Gateway x2  
  57  5:09  Gateway  
  57  5:18  Gateway  
  57  5:20  Gateway  
  57  5:24  Immortal  
  57  5:25  Sentry  
  57  5:27  Dark Templar  
  65  5:40  Pylon  
  65  5:47  Forge  
  65  5:54  Immortal  
  65  5:56  Dark Templar  
  65  5:57  Zealot, Dark Templar  
  67  5:59  Zealot  
  67  6:00  Archon  
  75  6:09  Zealot x2  
  79  6:16  Dark Templar  
  79  6:17  Dark Templar  
  83  6:24  Zealot x2  
  87  6:25  Archon  
  87  6:30  Zealot x2  
  91  6:36  Zealot  
  91  6:39  Archon  
  93  6:43  Pylon  
  93  6:57  Probe x2  
  93  6:58  Probe  
  93  7:00  Forge  
  93  7:02  Forge  
  93  7:04  Observer  
  93  7:05  Probe x2  
  93  7:06  Probe  
  97  7:11  Pylon  
  100  7:15  Probe  
  100  7:21  Pylon  
  101  7:29  Immortal, Probe x3  
  108  7:30  Blink  
  108  7:35  Protoss Ground Weapons Level 1, Protoss Ground Armor Level 1  
  104  7:38  Dark Templar  
  104  7:39  Zealot  
  104  7:40  Zealot x2  
  104  7:41  Probe x2  
  104  7:43  Sentry  
  116  7:48  Probe  
  116  7:51  Pylon  
  117  7:53  Pylon  
  117  7:59  Assimilator x2  
  117  8:00  Robotics Bay  
  117  8:09  Probe x3  
  120  8:20  Observer  
  120  8:21  Probe x2  
  120  8:22  Probe  
  124  8:31  Pylon  
  124  8:35  Colossus  
  124  8:40  Pylon  
  75  8:48  Extended Thermal Lance  
  129  8:57  Nexus  
  129  9:01  Stalker x4, Zealot x4  
  145  9:17  Pylon  
  145  9:18  Pylon x2  
  145  9:19  Protoss Ground Armor Level 2, Protoss Ground Weapons Level 2  
  145  9:21  Pylon  
  145  9:28  Colossus  
  145  9:33  Gateway  
  145  9:35  Gateway  
  145  9:37  Templar Archives  
  151  9:46  Probe  
  151  9:48  Assimilator  
  151  9:51  Assimilator  
  152  9:53  Probe x2  
  154  10:00  Zealot x7  
  154  10:05  Pylon  
  168  10:11  Disruptor  
  168  10:21  Psionic Storm, Robotics Facility  
  170  10:28  Probe  
  170  10:30  Probe  
  170  10:31  High Templar x4  
  173  10:39  Disruptor  
  170  10:49  Zealot x3, High Templar x2  
  183  10:59  Disruptor  
  173  11:04  Disruptor, Pylon  
  173  11:05  Pylon  
  173  11:07  Photon Cannon  
  173  11:08  Photon Cannon  
  173  11:10  Photon Cannon x2  
  176  11:14  Archon  
  179  11:25  Stalker x4  
  187  11:35  Disruptor  
  188  11:41  Disruptor  
  188  11:42  Nexus  
  189  11:50  Zealot x5, Pylon  
  189  11:52  Pylon  
  199  11:55  Dark Shrine  
  193  12:19  High Templar x2  
  193  12:20  Zealot  
  193  12:21  Protoss Ground Armor Level 3  
  199  12:23  Pylon  
  199  12:24  Shield Battery, Archon  
  199  12:26  Photon Cannon  
  199  12:27  Photon Cannon  
  161  12:59  Disruptor  
  161  13:03  Archon  
  138  13:06  Zealot x9  
  138  13:08  Archon  
  138  13:11  Disruptor  
  131  13:26  High Templar x9  
  147  13:30  Archon x3  
  147  13:31  Archon  
  142  13:53  Disruptor  
  129  13:58  Stalker x8  
  129  13:59  Stalker  
  129  14:01  Nexus  
  135  14:22  Dark Templar  
  135  14:23  Zealot x8  
  96  14:49  Zealot x6  
Show
View Real Time Build Order
Export as new Build Order

HeroMarine Terran - Winner!

Build Orders: Reaper Expand 

Get SALT Encoding   

  12  0:00  SCV  
  13  0:12  SCV  
  14  0:17  Supply Depot  
  14  0:25  SCV  
  15  0:39  SCV  
  15  0:40  Barracks  
  16  0:43  Refinery  
  16  0:51  SCV  
  17  1:03  SCV  
  18  1:15  SCV  
  19  1:27  Reaper, Orbital Command  
  20  1:40  Command Center  
  20  1:49  Supply Depot  
  20  1:53  SCV  
  21  1:59  Marine  
  22  2:05  SCV  
  22  2:07  Factory  
  23  2:17  SCV  
  23  2:19  Barracks  
  24  2:23  Refinery  
  24  2:26  Barracks Reactor  
  24  2:29  SCV  
  24  2:41  SCV  
  25  2:51  Factory Tech Lab  
  25  2:53  SCV  
  25  2:58  Orbital Command  
  26  3:02  Marine  
  26  3:03  Marine  
  28  3:05  SCV  
  28  3:06  Engineering Bay  
  28  3:10  Barracks Tech Lab  
  28  3:12  Siege Tank  
  32  3:17  SCV  
  33  3:20  Marine x2  
  36  3:30  SCV  
  36  3:31  SCV, Stimpack  
  37  3:37  Marine  
  37  3:39  Marine  
  39  3:42  SCV, Marine  
  39  3:43  SCV  
  39  3:45  Supply Depot  
  39  3:47  Widow Mine  
  44  3:50  Terran Infantry Weapons Level 1  
  44  3:54  SCV  
  45  3:56  SCV  
  45  4:02  Barracks  
  46  4:03  Missile Turret  
  46  4:06  SCV  
  46  4:08  SCV, Marine  
  49  4:11  Marine x2  
  51  4:20  SCV x2, Supply Depot  
  53  4:25  Marine  
  53  4:26  Refinery  
  53  4:27  Starport  
  53  4:29  Factory Reactor  
  54  4:38  Supply Depot  
  54  4:42  SCV x2, Marauder  
  54  4:44  Marine x2  
  60  4:48  Supply Depot  
  60  4:54  SCV x2, Missile Turret  
  62  5:02  Combat Shield  
  62  5:03  Marauder  
  62  5:04  Marauder  
  62  5:06  Marine x2  
  68  5:13  Supply Depot  
  68  5:14  Medivac  
  68  5:16  Medivac  
  70  5:24  Marine x3  
  70  5:25  Marine  
  70  5:27  Supply Depot  
  74  5:37  SCV x2  
  74  5:42  Marine x3  
  79  5:43  Marine  
  79  5:44  Terran Infantry Armor Level 1  
  79  5:45  Factory Reactor  
  80  5:58  Command Center  
  80  6:00  Marine x2  
  80  6:03  Medivac x2  
  87  6:07  Supply Depot  
  87  6:10  Marauder  
  88  6:13  Marauder  
  88  6:14  Missile Turret  
  88  6:21  SCV x2  
  87  6:31  Widow Mine x2  
  87  6:32  Concussive Shells  
  91  6:33  SCV x2  
  91  6:35  Marine x2  
  91  6:37  Barracks Reactor  
  95  6:45  SCV x2  
  97  6:55  Armory, Barracks x2  
  97  6:57  SCV x2  
  97  7:00  Refinery  
  99  7:03  Viking  
  101  7:10  Orbital Command  
  101  7:11  SCV x2  
  103  7:17  Marauder  
  105  7:23  Marine x4  
  105  7:25  SCV x2  
  103  7:37  Widow Mine  
  103  7:38  Marauder, Widow Mine  
  103  7:41  Marine x3  
  112  7:45  Terran Infantry Weapons Level 2  
  112  7:46  Barracks Tech Lab x2  
  112  7:50  Marine  
  113  7:53  Medivac x2  
  113  7:56  Supply Depot  
  117  7:59  Supply Depot  
  117  8:02  Supply Depot  
  117  8:08  Missile Turret  
  117  8:18  SCV x2, Marine x3  
  117  8:19  Marine x2  
  125  8:24  Marauder x2, Orbital Command  
  125  8:25  Ghost Academy  
  128  8:30  SCV x2  
  130  8:34  Missile Turret  
  130  8:36  Marine x5  
  130  8:37  Widow Mine  
  130  8:38  Widow Mine  
  139  8:44  Supply Depot  
  139  8:45  Supply Depot  
  139  8:48  Supply Depot  
  139  8:53  Missile Turret  
  139  8:56  Ghost  
  141  9:05  Ghost  
  141  9:06  SCV x3  
  145  9:18  SCV x3  
  145  9:19  Ghost  
  145  9:23  Marine x3  
  158  9:24  Marine  
  158  9:30  SCV  
  160  9:34  SCV  
  160  9:35  SCV, Refinery  
  160  9:36  Refinery  
  162  9:41  Viking x2  
  162  9:42  SCV, Ghost  
  162  9:44  Starport  
  162  9:45  Ghost  
  163  9:50  Bunker  
  165  10:02  Supply Depot, Terran Infantry Weapons Level 3  
  165  10:06  Ghost  
  167  10:11  Marine x2  
  167  10:12  Marauder, Marine x2  
  172  10:24  Marauder  
  172  10:30  Viking x2  
  172  10:32  Engineering Bay  
  172  10:40  Marauder  
  172  10:41  Viking  
  172  10:42  Viking  
  180  10:43  Ghost  
  180  10:51  Ghost, Supply Depot  
  180  10:52  Supply Depot  
  176  11:04  Viking  
  176  11:05  Viking  
  180  11:11  Viking x2  
  180  11:14  Terran Infantry Armor Level 2  
  184  11:18  Marine x2  
  184  11:19  Marine x2  
  184  11:21  Marauder  
  184  11:23  Marauder  
  192  11:26  Marauder  
  194  11:39  Viking x2  
  198  11:45  Marauder  
  198  11:48  Marauder  
  200  11:55  Terran Ship Weapons Level 1  
  200  11:58  Command Center  
  200  11:59  Liberator x2  
  194  12:01  Liberator  
  194  12:05  Liberator  
  189  12:09  Marauder x2  
  189  12:14  Marine x2  
  189  12:15  Marine  
  189  12:28  Marauder  
  189  12:29  Marine  
  191  12:30  Marauder  
  191  12:31  Marine  
  189  12:37  Marine x2  
  189  12:39  Marine  
  188  12:46  Marine  
  188  12:51  Liberator x2  
  166  13:02  Marauder x2, Marine x2  
  166  13:04  Marine x3  
  154  13:20  Marine x2  
  154  13:22  Marine x4  
  154  13:23  Marine  
  154  13:36  Liberator x3  
  154  13:37  Marine  
  154  13:38  Marine  
  154  13:40  Marine x5  
  158  13:55  Marine  
  162  14:07  Marauder  
  159  14:11  Marine x2  
  159  14:14  Marauder  
  159  14:15  Marine  
  161  14:30  Marauder  
  159  14:38  Marauder x2  
  159  14:46  Marine  
  159  14:49  Marine x2  
  159  14:50  Marine  
Tags
 
Add a new tag
Caveats
  • Supply blocks, unpowered buildings, or Contaminate may cause inaccurate times.
  • Supply counts are checked every 10 seconds.